 Dungeon Crawl Stone Soup version 0.19.3-4-gbf9329e (webtiles) character file.

1437 theAP the Spear-Bearer (level 9, -16/72 HPs)
             Began as a Formicid Fighter on Jan 27, 2017.
             Was a Follower of Ashenzari.
             Demolished by an orc warrior
             ... wielding a +0 glaive
              (18 damage)
             ... on level 6 of the Dungeon.
             The game lasted 00:08:57 (4013 turns).

theAP the Spear-Bearer (Formicid Fighter)           Turns: 4013, Time: 00:08:58

Health: -16/72     AC: 13    Str: 23    XL:     9   Next: 3%
Magic:  9/9        EV:  7    Int:  9    God:    Ashenzari [*.....]
Gold:   271        SH:  9    Dex: 10    Spells: 0 memorised, 8 levels left

rFire  x . .     SeeInvis +     a - +0 trident
rCold  + + .     Gourm    .     s - +0 ice dragon scales (curse)
rNeg   . . .     Faith    .     c - +0 shield (curse)
rPois  .         Spirit   .     (helmet unavailable)
rElec  .         Reflect  .     (no cloak)
rCorr  .         Harm     .     h - +0 pair of gloves (curse)
MR     .....                    B - +0 pair of boots
Stlth  ..........               (no amulet)
                                (no ring)
                                l - +1 ring of protection (curse)

@: drained
A: permanent stasis, dig shafts and tunnels, four strong arms, antennae 3,
regeneration 1
a: Dig, Shaft Self, Curse Item, Scrying, Renounce Religion


You were on level 6 of the Dungeon.
You worshipped Ashenzari.
Ashenzari was aware of your devotion.
You were near starving.

You visited 1 branch of the dungeon, and saw 6 of its levels.

You collected 271 gold pieces.

Inventory:

Hand Weapons
 a - a +0 trident (weapon)
Armour
 b - a +0 scale mail
 c - a cursed +0 shield (worn)
 h - a cursed +0 pair of gloves (worn)
 s - cursed +0 ice dragon scales (worn)
 B - a +0 pair of boots (worn)
Jewellery
 l - a cursed +1 ring of protection (left hand)
 m - an uncursed ring of protection from cold
 t - a +4 ring of protection
Wands
 d - a wand of random effects (27/48)
 j - a wand of lightning (8/15)
Scrolls
 e - 3 scrolls of identify
 i - a scroll of fog {unknown}
 o - 4 scrolls of blinking
 p - a scroll of recharging {unknown}
 r - 5 scrolls of teleportation
 v - a scroll of noise {unknown}
 w - 3 scrolls of fear {unknown}
 x - 2 scrolls of amnesia {unknown}
Potions
 n - 2 potions of haste
 z - a potion of magic
 C - a potion of brilliance {unknown}
 E - a potion of cure mutation {unknown}
 F - a potion of cancellation {unknown}
Books
 u - a book of Misfortune

   Spells                             Type                      Level
   a - Confusing Touch                Hexes                        1
   b - Confuse                        Hexes                        3
   c - Gell's Gravitas                Hexes/Translocation          3
   d - Petrify                        Transmutation/Earth          4
   e - Metabolic Englaciation         Hexes/Ice                    5
   f - Yara's Violent Unravelling     Hexes/Transmutation          5
Comestibles
 f - 3 bread rations
 g - 2 fruits
 k - 3 meat rations
 D - 3 slices of pizza


   Skills:
 + Level 7.1(6.0) Fighting
 * Level 8.8(7.6) Polearms
 - Level 3.8(2.8) Armour
 - Level 3.9(2.8) Shields


You had 8 spell levels left.
You didn't know any spells.

Dungeon Overview and Level Annotations

Branches:
Dungeon (6/15)
 Temple: D:4-7

Altars:
Ashenzari
Dithmenos
Hepliaklqana
The Shining One


Innate Abilities, Weirdness & Mutations

You are under a permanent stasis effect.
You can dig through walls and to a lower floor.
Your four strong arms can wield two-handed weapons with a shield.
You have a pair of large antennae on your head. (SInv)
Your natural rate of healing is unusually fast.


Message History

You barely miss the orc warrior.
The orc warrior is lightly wounded.
You block the orc warrior's attack.
You hit the orc warrior but do no damage.
The orc warrior is lightly wounded.
You block the orc warrior's attack.
You hit the orc warrior but do no damage.
The orc warrior is lightly wounded.
You hit the orc warrior.
The orc warrior is lightly wounded.
The orc warrior hits you with a glaive!
* * * LOW HITPOINT WARNING * * *
The orc priest casts a cantrip, but nothing happens.
You closely miss the orc warrior.
The orc warrior is lightly wounded.
The orc warrior closely misses you.
You hit the orc warrior but do no damage.
The orc warrior is lightly wounded.
The orc warrior hits you with a glaive!!
You die...

#.........# ..#
###...>.....# ..# ##
............# ..# ..
#.........##..# #.##
#..........#..# {
#..###...†..(...#..#
##..............[#
.(<..#.........#.#
.###.#.........#@# #
#.#.........#o#
#.##.......##o#
#.###.....###o# #[.
####### #.# ##. #.#
. #.. ##. .


You could see an orc warrior, an orc priest and an orc wizard (invisible).

Vanquished Creatures
  The ghost of volk64 the Shield-Bearer, a novice FoFi of Uskayaw (D:5)
  Sigmund (D:5)
  A phantom (D:5)
  2 centaurs (D:5)
  A scorpion (D:4)
  A wight (D:5)
  2 crimson imps (D:5)
  2 hounds
  2 bullfrog skeletons (D:4)
  3 iguanas
  3 hell rats (D:5)
  4 worker ants
  2 worker ant zombies (D:5)
  7 river rats (D:5)
  7 adders
  2 oozes
  A worm (D:2)
  A dart slug (D:2)
  2 leopard geckos
  2 orcs
  6 giant cockroaches
  3 goblins
  5 hobgoblins
  5 jackals
  9 kobolds
  4 ball pythons
  5 bats
  4 frilled lizards
  2 jackal skeletons
  2 jackal zombies
  A quokka skeleton (D:4)
  3 quokka zombies
  27 rats
123 creatures vanquished.

Notes
Turn   | Place    | Note
-------+----------+-------------------------------------------
     0 | D:1      | theAP the Formicid Fighter began the quest for the Orb.
     0 | D:1      | Reached XP level 1. HP: 18/18 MP: 1/1
   234 | D:1      | Reached XP level 2. HP: 19/24 MP: 2/2
   472 | D:1      | Reached XP level 3. HP: 27/29 MP: 3/3
   697 | D:2      | Found a shadowy altar of Dithmenos.
   812 | D:2      | Found a hazy altar of Hepliaklqana.
  1206 | D:3      | Reached skill level 3 in Polearms
  1206 | D:3      | Reached XP level 4. HP: 30/37 MP: 4/4
  1340 | D:3      | Found a shattered altar of Ashenzari.
  1383 | D:3      | Became a worshipper of Ashenzari the Shackled
  1730 | D:3      | Found a shattered altar of Ashenzari.
  2030 | D:3      | Gained mutation: Your natural rate of healing is unusually fast. [potion of beneficial mutation]
  2046 | D:4      | Reached XP level 5. HP: 35/42 MP: 5/5
  2052 | D:4      | Reached skill level 4 in Polearms
  2148 | D:4      | Reached XP level 6. HP: 46/49 MP: 6/6
  2208 | D:4      | Reached skill level 5 in Polearms
  2231 | D:4      | Reached * piety under Ashenzari
  2442 | D:5      | Entered Level 5 of the Dungeon
  2518 | D:5      | Noticed volk64's ghost (novice FoFi)
  2551 | D:5      | Killed volk64's ghost
  2551 | D:5      | Reached skill level 5 in Fighting
  2551 | D:5      | Reached skill level 6 in Polearms
  2551 | D:5      | Reached XP level 7. HP: 21/56 MP: 7/7
  2664 | D:5      | Noticed Sigmund
  2687 | D:5      | Killed Sigmund
  2687 | D:5      | Reached skill level 7 in Polearms
  2687 | D:5      | Reached XP level 8. HP: 61/64 MP: 8/8
  2813 | D:5      | HP: 1/64 [wight/enchanted great sword (5)]
  3095 | D:5      | Found a glowing golden altar of the Shining One.
  3342 | D:5      | Reached skill level 8 in Polearms
  3863 | D:5      | Reached XP level 9. HP: 72/72 MP: 9/9
  4011 | D:6      | HP: 1/72 [orc warrior/glaive (9)]
  4013 | D:6      | Demolished by an orc warrior

Skill      XL: |  1  2  3  4  5  6  7  8 |
---------------+-------------------------+-----
Polearms       | 3 4 6 7 8 |  8.8
Fighting       | 4 5 6 7 |  7.1
Armour         | |  3.8
Shields        | |  3.9

Action                   |  1- 3 |  4- 6 |  7- 9 || total
-------------------------+-------+-------+-------++-------
Melee: Trident           |    96 |   218 |   307 ||   621
Invok: Curse Item        |       |     3 |       ||     3
  Use: Scroll            |       |     7 |       ||     7
       Potion            |       |     2 |     5 ||     7
  Eat: Chunk             |       |     6 |     2 ||     8
       Pizza             |       |       |     1 ||     1
Armor: Scale mail        |    29 |    19 |       ||    48
       Ice dragon scales |       |    93 |    91 ||   184
Dodge: Dodged            |    30 |    51 |    65 ||   146
Block: Shield            |    34 |   100 |    78 ||   212
